 Dungeon Crawl Stone Soup version 0.17.0-73-gb648821 (console) character file.

1328 Fleurka the Digger (level 8, -1/59 HPs)
             Began as a Demigod Earth Elementalist on Dec 10, 2015.
             Slain by an ice beast (19 damage)
             ... on level 6 of the Dungeon.
             The game lasted 01:10:39 (9260 turns).

Fleurka the Digger (Demigod Earth Elementalist)     Turns: 9260, Time: 01:10:39

Health: -1/59      AC:  7    Str: 11    XL:     8   Next: 12%
Magic:  13/18      EV: 14    Int: 23    God:
Gold:   267        SH:  0    Dex: 16    Spells: 5 memorised, 5 levels left

rFire  + . .     SeeInvis .     a - +0 spear (flame)
rCold  x . .     Clarity  .     h - +0 robe
rNeg   . . .     SustAt   +     (no shield)
rPois  .         Gourm    .     (no helmet)
rElec  .         Spirit   .     u - +0 cloak
rCorr  +         Warding  .     (no gloves)
rMut   .         Stasis   .     s - +0 pair of boots
MR     .....                    B - amulet of resist corrosion
Stlth  ++........               (no ring)
                                m - ring of fire

@: swift, stone skin, quick, not resistant to hostile enchantments, unstealthy
A: high mp 1, sustain attributes
a: no special abilities


You were on level 6 of the Dungeon.
You were not hungry.

You visited 2 branches of the dungeon, and saw 7 of its levels.

You collected 267 gold pieces.


Innate Abilities, Weirdness & Mutations

You have an increased reservoir of magic (+10% MP).
Your attributes are resistant to harm.

Inventory:

Hand Weapons
 a - a +0 spear of flaming (weapon)
 b - a +0 blowgun
 e - a +0 club
 g - a +0 hunting sling
 i - a +0 long sword
 A - a +0 dagger
 F - a +0 hand axe
 H - a +0 hand axe
 J - a cursed +2 short sword
 U - a +1 dire flail
Missiles
 l - 83 arrows
 o - 45 sling bullets
 v - 182 stones
 w - 36 bolts
 y - 18 poisoned needles
 E - 3 throwing nets
 G - 2 silver tomahawks
 I - 21 arrows of frost
 M - 9 tomahawks (quivered)
 R - a javelin
Armour
 h - a +0 robe (worn)
 q - a +0 buckler
 s - a +0 pair of boots (worn)
 u - a +0 cloak (worn)
 N - a +0 leather armour of positive energy
Magical Staves
 f - an uncursed staff of fire
Jewellery
 m - a ring of fire (left hand)
 B - an amulet of resist corrosion (around neck)
 O - an uncursed ring of flight {unknown}
Wands
 D - a wand of confusion (21)
 T - a wand of cold (9)
Scrolls
 d - 2 scrolls of teleportation {unknown}
 k - 2 scrolls of enchant weapon
 p - a scroll of amnesia
 t - a scroll of fear {unknown}
 P - a scroll of random uselessness {unknown}
 Q - 2 scrolls of noise {unknown}
 S - a scroll of remove curse {@r2}
Potions
 j - 6 potions of agility
 n - a potion of poison {unknown}
 z - a potion of mutation {unknown}
Books
 c - a book of Geomancy

   Spells                             Type                      Level
   a - Sandblast                      Earth                        1
   b - Stoneskin                      Transmutation/Earth          2
   c - Passwall                       Transmutation/Earth          3
   d - Stone Arrow                    Conjuration/Earth            3
   e - Petrify                        Transmutation/Earth          4
   f - Lee's Rapid Deconstruction     Earth                        5
 L - a book of Burglary

   Spells                             Type                      Level
   a - Swiftness                      Charms/Air                   2
   b - Passwall                       Transmutation/Earth          3
   c - Passage of Golubria            Translocation                4
   d - Lee's Rapid Deconstruction     Earth                        5
   e - Darkness                       Hexes                        6
   f - Invisibility                   Hexes                        6
Comestibles
 r - a beef jerky
 x - 4 bread rations
 C - 2 royal jellies
 K - a meat ration


   Skills:
 + Level 1.0 Fighting
 + Level 0.1 Short Blades
 + Level 0.8(1.0) Axes
 + Level 0.6(2.0) Polearms
 + Level 2.7(2.8) Staves
 + Level 2.2 Throwing
 + Level 3.6 Dodging
 + Level 2.4 Stealth
 + Level 4.9 Spellcasting
 + Level 1.1 Conjurations
 + Level 1.3 Transmutations
 + Level 0.1 Air Magic
 + Level 5.4 Earth Magic


You had 5 spell levels left.
You knew the following spells:

 Your Spells              Type           Power        Failure   Level  Hunger
a - Sandblast             Erth           ####..       1%          1    None
b - Stoneskin             Trmt/Erth      ###.....     3%          2    None
c - Passwall              Trmt/Erth      ###.......   10%         3    ##.....
d - Stone Arrow           Conj/Erth      ###...       10%         3    ##.....
e - Swiftness             Chrm/Air       #.......     17%         2    None


Dungeon Overview and Level Annotations

Branches:
Dungeon (6/15)             Temple (1/1) D:5

Annotations:
D:3 soul's ghost, weakling MiFi


Message History

You feel quick.
Casting: Swiftness
Confirm with . or Enter, or press ? or * to list all spells.
Aiming: Stone Arrow
Press: ? - help, Shift-Dir - straight line, f - wight
Aim: a wight, wielding an enchanted dire flail and wearing a robe The stone arrow hits the wight.
The wight is severely damaged.
A wight comes into view. It is wielding a hand axe.
A wight comes into view.
It is wielding an enchanted short sword.
Casting: Stone Arrow
Confirm with . or Enter, or press ? or * to list all spells.
Aiming: Stone Arrow
Press: ? - help, Shift-Dir - straight line, f - wight, p - wight
Aim: a wight, wielding a hand axe and wearing a robe The stone arrow hits the wight.
You destroy the wight!
You start to feel a little slower.
Casting: Stone Arrow
Confirm with . or Enter, or press ? or * to list all spells.
Aiming: Stone Arrow
Press: ? - help, Shift-Dir - straight line, f/p - wight
Aim: a wight, wielding a hand axe and wearing a robe The stone arrow hits the wight.
You destroy the wight!
Casting: Stone Arrow
Confirm with . or Enter, or press ? or * to list all spells.
Aiming: Stone Arrow
Press: ? - help, Shift-Dir - straight line, f - wight
Aim: a wight, wielding an enchanted short sword and wearing a robe The stone arrow hits the wight.
The wight is moderately damaged.
Casting: Stone Arrow
Confirm with . or Enter, or press ? or * to list all spells.
Aiming: Stone Arrow
Press: ? - help, Shift-Dir - straight line, f/p - wight
Aim: a wight, wielding an enchanted short sword and wearing a robe (lightly damaged)
The stone arrow hits the wight.
The wight is severely damaged.
* * * LOW MAGIC WARNING * * *
You hit the wight but do no damage.
The wight is severely damaged.
The wight completely misses you.
You barely miss the wight.
The wight is severely damaged.
You feel sluggish.
The wight hits you with an enchanted short sword.
You hit the wight. You burn the wight.
You destroy the wight!
You start resting.
You start to feel a little faster.
You start resting.
You no longer feel sluggish.
You start resting.
HP restored.
Items here: ) [ an enchanted short sword a robe
J - an enchanted short sword You start resting.
Magic restored.
Items here: )) [[ a hand axe a robe an enchanted dire flail a robe
U - an enchanted dire flail An ice beast comes into view.
The helpless ice beast fails to defend itself.
You hit the ice beast but do no damage. The ice beast hits you.
The ice beast freezes you!
You feel a terrible chill!
Casting: Stone Arrow
Confirm with . or Enter, or press ? or * to list all spells.
Your skin hardens.
The ice beast hits you. The ice beast freezes you!
You feel a terrible chill!
Casting: Stoneskin
Confirm with . or Enter, or press ? or * to list all spells.
Aiming: Sandblast
Press: ? - help, Shift-Dir - straight line, f - ice beast
Aim: an ice beast The blast of sand hits the ice beast.
The ice beast closely misses you.
You hit the ice beast.
You melt the ice beast.
The ice beast is lightly wounded.
The ice beast hits you. The ice beast freezes you!
You feel a terrible chill!
Casting: Sandblast
Confirm with . or Enter, or press ? or * to list all spells.
You feel quick. The ice beast hits you. The ice beast freezes you!!
You feel a terrible chill!
You die...

###.#................####
#..####.###...######
#...####.###########...#
#.............# #.### #.#
###.# ..#####.####..# #.#
#.#### #####.# ### #.#
#..# #.#
#....######...#.# #.#
#....
#.######.............#.#
#.# #.#.##
#...........######..>#.#
#[# #..#.## #..#.....####
##.##.# #.# ...#.
#..#.##### #.##.# ##)##
.. #..#.# ##.##.#
#.####...# .# #..#.#
##.#.#.# #........#####Y#
#..#.############.###..#
#..###.......p.#
#....#...........## ##.#
. ###.#######
#.##.#.....######.###.##
#.#
#.##.####...######.#.##
#.# #.##........<..#
##.## #.#
#.##.####...##.# #.# #.#
#.##.# ##.###.# #.# #.#
#.##.# #.###.####.## #.
#....#####.##........#
###........##..####..#


You could see an ice beast.

Vanquished Creatures
  Monster Symbol All '5'
  A crimson imp (D:6)
1 creature vanquished. All 'F' A giant frog (D:6)
1 creature vanquished. All 'J' 2 jellies (D:5 D:6) An ooze (D:3)
3 creatures vanquished. All 'K' 9 kobolds (D:1 D:2 D:3)
9 creatures vanquished. All 'O' 2 ogres (D:4 D:5)
2 creatures vanquished. All 'S' 7 adders (D:2 D:3 D:4 D:5) 2 ball pythons (D:3)
9 creatures vanquished. All 'W' A phantom (D:6)
1 creature vanquished. All 'Y' A sky beast (D:6)
1 creature vanquished. All 'Z' A water moccasin zombie (D:6) A centaur skeleton (D:5) A hound skeleton (D:5)
3 creatures vanquished. All 'a' 4 worker ants (D:4 D:5)
4 creatures vanquished. All 'b' 8 bats (D:1 D:2 D:3)
8 creatures vanquished. All 'c' A centaur (D:5)
1 creature vanquished. All 'g' 6 gnolls (D:5 D:6) 5 goblins (D:1 D:2 D:3) 9 hobgoblins (D:1 D:2 D:3 D:5)
20 creatures vanquished. All 'h' 5 hounds (D:4 D:5 D:6)
5 creatures vanquished. All 'l' 2 iguanas (D:5 D:6) 4 giant geckos (D:2 D:3 D:4 D:5) 3 giant newts (D:3 D:4)
9 creatures vanquished. All 'o' 13 orcs (D:3 D:5 D:4 D:6)
13 creatures vanquished. All 'r' A quokka (D:3) 8 rats (D:1 D:2 D:3)
9 creatures vanquished. All 's' 4 giant cockroaches (D:1 D:3 D:4 D:5)
4 creatures vanquished. All 'w' 5 worms (D:2 D:4 D:5)
5 creatures vanquished. All 'z' 3 wights (D:6)
3 creatures vanquished.
111 creatures vanquished. Monster Nature Natural Monsters A centaur (D:5) A sky beast (D:6) 2 ogres (D:4 D:5) A giant frog (D:6) 2 jellies (D:5 D:6) 5 hounds (D:4 D:5 D:6) 2 iguanas (D:5 D:6) 4 worker ants (D:4 D:5) 7 adders (D:2 D:3 D:4 D:5) 6 gnolls (D:5 D:6) An ooze (D:3) 5 worms (D:2 D:4 D:5) 13 orcs (D:3 D:5 D:4 D:6) 8 bats (D:1 D:2 D:3) 4 giant cockroaches (D:1 D:3 D:4 D:5) 5 goblins (D:1 D:2 D:3) 9 hobgoblins (D:1 D:2 D:3 D:5) 9 kobolds (D:1 D:2 D:3) A quokka (D:3) 2 ball pythons (D:3) 4 giant geckos (D:2 D:3 D:4 D:5) 3 giant newts (D:3 D:4) 8 rats (D:1 D:2 D:3)
103 creatures vanquished. Undead Monsters A phantom (D:6) A water moccasin zombie (D:6) 3 wights (D:6) A centaur skeleton (D:5) A hound skeleton (D:5)
7 creatures vanquished. Demonic Monsters A crimson imp (D:6)
1 creature vanquished.
111 creatures vanquished. Ascending Order A centaur (D:5) A sky beast (D:6) A phantom (D:6) A giant frog (D:6) A water moccasin zombie (D:6) A crimson imp (D:6) A centaur skeleton (D:5) A hound skeleton (D:5) An ooze (D:3) A quokka (D:3) 2 ogres (D:4 D:5) 2 jellies (D:5 D:6) 2 iguanas (D:5 D:6) 2 ball pythons (D:3) 3 wights (D:6) 3 giant newts (D:3 D:4) 4 worker ants (D:4 D:5) 4 giant cockroaches (D:1 D:3 D:4 D:5) 4 giant geckos (D:2 D:3 D:4 D:5) 5 hounds (D:4 D:5 D:6) 5 worms (D:2 D:4 D:5) 5 goblins (D:1 D:2 D:3) 6 gnolls (D:5 D:6) 7 adders (D:2 D:3 D:4 D:5) 8 bats (D:1 D:2 D:3) 8 rats (D:1 D:2 D:3) 9 kobolds (D:1 D:2 D:3) 9 hobgoblins (D:1 D:2 D:3 D:5) 13 orcs (D:3 D:5 D:4 D:6)
111 creatures vanquished.

Notes
Turn   | Place    | Note
--------------------------------------------------------------
     0 | D:1      | Fleurka the Demigod Earth Elementalist began the quest for the Orb.
     0 | D:1      | Reached XP level 1. HP: 14/14 MP: 5/5
   492 | D:1      | Reached skill level 2 in Spellcasting
   509 | D:1      | Reached XP level 2. HP: 20/20 MP: 4/7
   513 | D:1      | Learned a level 2 spell: Stoneskin
   576 | D:1      | Reached skill level 2 in Dodging
   641 | D:1      | Reached skill level 3 in Earth Magic
  1442 | D:2      | Reached XP level 3. HP: 11/26 MP: 2/9
  1703 | D:2      | Reached skill level 2 in Stealth
  2838 | D:3      | Noticed soul's ghost (weakling MiFi)
  3094 | D:3      | Reached XP level 4. HP: 26/34 MP: 3/11
  3103 | D:3      | Learned a level 3 spell: Passwall
  3935 | D:3      | Reached skill level 3 in Spellcasting
  4328 | D:4      | Learned a level 3 spell: Stone Arrow
  4573 | D:5      | Entered Level 5 of the Dungeon
  4573 | D:5      | Noticed an ogre
  4908 | D:4      | Reached XP level 5. HP: 39/39 MP: 5/13
  4939 | D:4      | Found a sacrificial altar of Ru.
  4939 | D:4      | Found a blossoming altar of Fedhas.
  5206 | D:4      | Noticed an ogre
  5213 | D:4      | Killed an ogre
  5213 | D:4      | Reached skill level 4 in Earth Magic
  5277 | D:4      | Reached skill level 1 in Staves
  5277 | D:4      | Reached skill level 1 in Throwing
  5443 | D:4      | Reached XP level 6. HP: 44/46 MP: 7/14
  5833 | D:4      | Learned a level 2 spell: Swiftness
  6404 | D:5      | Found an ancient bone altar of Kikubaaqudgha.
  6416 | D:5      | Found a staircase to the Ecumenical Temple.
  6422 | Temple   | Entered the Ecumenical Temple
  6551 | D:5      | Killed an ogre
  6551 | D:5      | Reached skill level 2 in Staves
  6818 | D:5      | Reached skill level 4 in Spellcasting
  7217 | D:5      | Reached XP level 7. HP: 31/51 MP: 5/16
  7369 | D:5      | Noticed a centaur
  7377 | D:5      | Killed a centaur
  7377 | D:5      | Reached skill level 1 in Transmutations
  8112 | D:6      | Found an iron altar of Okawaru.
  8131 | D:6      | Reached skill level 3 in Dodging
  8441 | D:6      | Reached skill level 5 in Earth Magic
  8485 | D:6      | Reached skill level 1 in Conjurations
  8645 | D:6      | Reached skill level 2 in Throwing
  8976 | D:6      | Reached skill level 1 in Fighting
  8976 | D:6      | Reached XP level 8. HP: 32/59 MP: 13/18
  9260 | D:6      | Slain by an ice beast
